 Dungeon Crawl Stone Soup version 0.29-a0-490-g77b3608 (webtiles) character file.

Game seed: 3727898143380665278

14 Illumine the Charlatan (level 2, 14/25 HPs)
             Began as a Deep Dwarf Artificer on May 26, 2022.
             Quit the game on level 1 of the Dungeon.
             The game lasted 00:00:53 (471 turns).

Illumine the Charlatan (Deep Dwarf Artificer)        Turns: 471, Time: 00:00:54

Health: 14/25      AC:  3    Str: 15    XL:     2   Next: 27%
Magic:  2/2        EV: 11    Int: 11    God:
Gold:   23         SH:  0    Dex: 13    Spells: 1/1 levels left

rFire   . . .      SeeInvis .   a - +0 club
rCold   . . .      Faith    .   (no shield)
rNeg    . . .      Spirit   .   b - +0 leather armour
rPois   .          Reflect  .   (no helmet)
rElec   .          Harm     .   (no cloak)
rCorr   .          Rampage  .   (no gloves)
Will    .....                   (no boots)
Stlth   +.........              (no amulet)
HPRegen 0.00/turn               (no ring)
MPRegen 0.08/turn               (no ring)

@: no status effects
A: damage resistance, heal wounds, sense surroundings 1, no regeneration
a: Heal Wounds


You were on level 1 of the Dungeon.
You visited 1 branch of the dungeon, and saw 1 of its levels.

You collected 23 gold pieces.

Inventory:

Hand Weapons
 a - a +0 club (weapon)
Armour
 b - a +0 leather armour (worn)
Wands
 c - a wand of flame (15) (quivered)
 d - a wand of charming (15)
 e - a wand of iceblast (9)


   Skills:
 + Level 1.3 Fighting
 * Level 1.5 Maces & Flails
 - Level 2.1 Armour
 - Level 1.1 Dodging
 - Level 1.2 Stealth
 - Level 4.0 Evocations


You had one spell level left.
You didn't know any spells.
Your spell library was empty.

Dungeon Overview and Level Annotations

Branches:
Dungeon (1/15)

Altars:


Innate Abilities, Weirdness & Mutations

You are resistant to damage.
You can heal yourself by infusing magical energy.
You passively map a small area around you.
You do not regenerate.


Message History

You hit the giant cockroach.
The giant cockroach is almost dead.
The goblin shouts!
A hobgoblin comes into view.
The giant cockroach bites you but does no damage. x2
The endoplasm quivers.
You hit the giant cockroach but do no damage.
The giant cockroach is almost dead.
The giant cockroach barely misses you.
You hit the giant cockroach.
You kill the giant cockroach!
You barely miss the goblin. The goblin closely misses you.
The goblin barely misses you.
You hit the goblin.
You kill the goblin!
You hit the endoplasm.
The endoplasm is almost dead.
The endoplasm freezes you.
You are frozen.
You hit the endoplasm but do no damage.
The endoplasm is almost dead.
The endoplasm closely misses you.
You barely miss the endoplasm.
The endoplasm is almost dead.
The endoplasm freezes you.
You are frozen.
You hit the endoplasm.
You kill the endoplasm!
The hobgoblin hits you.
You closely miss the hobgoblin. The hobgoblin misses you.
You hit the hobgoblin.
You kill the hobgoblin!
A goblin comes into view. It is wielding a +0 club.
Things that are here:
a +0 dagger; a hobgoblin corpse A goblin is nearby!
Save game and exit?
Welcome back, Illumine the Deep Dwarf Artificer.
Press ? for a list of commands and other information.
Are you sure you want to abandon this character and quit the game? (Confirm with "yes".)

#......### ##..###...
#...#### ###.####.
#.### ##)## #. #.#
#...# #. #.# ##.#.#
## #.# #....# #.#
###.##
######'###########
### *
*...........@.......
, ,
..........##....... ,
*
..........#*.......,,
..........# .....g.
........... .......
...........#.......
...........#.......
..........#....... *


You could see a goblin (wandering).

Vanquished Creatures
  2 bats (D:1)
  2 endoplasms (D:1)
  2 giant cockroaches (D:1)
  2 goblins (D:1)
  A hobgoblin (D:1)
  2 kobolds (D:1)
11 creatures vanquished.

Notes
Turn   | Place    | Note
-------+----------+-------------------------------------------
     0 | D:1      | Illumine the Deep Dwarf Artificer began the quest for the
                  | Orb.
     0 | D:1      | Reached XP level 1. HP: 16/16 MP: 1/1
   197 | D:1      | Reached skill level 1 in Fighting
   408 | D:1      | Reached skill level 1 in Maces & Flails
   449 | D:1      | Reached XP level 2. HP: 19/25 MP: 2/2
   471 | D:1      | Quit the game

Illustrated notes

Levels and vault maps discovered:
D:1:      dpeg_cavernosity, layout_basic

Skill      XL: |  1 |
---------------+----+-----
Fighting       | 1 |  1.3
Maces & Flails | 1 |  1.5
Armour         | |  2.1
Dodging        | |  1.1
Stealth        | |  1.2
Evocations     | |  4.0

Action                   || total
-------------------------++-------
Melee: Club              ||    37
 Stab: Sleeping          ||     2
Armor: Leather armour    ||    14
Dodge: Dodged            ||    17

Table legend: (Time is in decaauts)
 A = Elapsed time spent in this place.
 B = Non-inter-level travel time spent in this place.
 C = Inter-level travel time spent in this place.
 D = Time resting spent in this place.
 E = Time spent auto-exploring this place.
 F = Levels seen in this place.
 G = Mean time per level.
                   A        B        C        D        E       F      G
               +--------+--------+--------+--------+--------+-----+--------+
         Total |    480 |    480 |      0 |    181 |    217 |   1 |  480.0 |
       Dungeon |    480 |    480 |      0 |    181 |    217 |   1 |  480.0 |
               +--------+--------+--------+--------+--------+-----+--------+

Top non-repeatable levels by time:
     D:1: 480 daAuts
